 Dungeon Crawl Stone Soup version 0.29.1-1-gd02db6906a (webtiles) character file.

Game seed: 2571488884128090922

70 Ofeo the Trooper (level 4, -4/37 HPs)
             Began as a Palentonga Abyssal Knight on Sept 17, 2022.
             Was a Priest of Lugonu.
             Slain by an iguana (7 damage)
             ... on level 3 of the Dungeon.
             The game lasted 00:02:14 (2422 turns).

Ofeo the Trooper (Palentonga Abyssal Knight)        Turns: 2422, Time: 00:02:14

Health: -4/37      AC:  7    Str: 20    XL:     4   Next: 3%
Magic:  6/6        EV:  8    Int: 10    God:    Lugonu [***...]
Gold:   162        SH:  0    Dex: 11    Spells: 3/3 levels left

rFire   . . .      SeeInvis +   k - +0 great mace
rCold   . . .      Faith    .   (shield currently unavailable)
rNeg    . . .      Spirit   .   d - +0 scale mail
rPois   .          Reflect  .   (no helmet)
rElec   .          Harm     .   (no cloak)
rCorr   .          Rampage  .   h - +0 pair of gloves
Will    .....                   (no barding)
Stlth   ..........              (no amulet)
HPRegen 0.12/turn               (no ring)
MPRegen 0.10/turn               (no ring)

@: no status effects
A: large, rugged brown scales 3, see invisible, deformed body, roll 1, armoured
tail
a: Rolling Charge, Renounce Religion, Depart the Abyss, Bend Space, Banish


You were on level 3 of the Dungeon.
You worshipped Lugonu.
Lugonu was most pleased with you.
You visited 1 branch of the dungeon, and saw 3 of its levels.
You visited the Abyss 1 time.

You collected 162 gold pieces.

Inventory:

Hand Weapons
 a - a +1 hand axe
 k - a +0 great mace (weapon)
Missiles
 j - 2 throwing nets
 m - 2 curare-tipped darts
Armour
 b - a +0 leather armour
 d - a +0 scale mail (worn)
 h - a +0 pair of gloves (worn)
Scrolls
 c - a scroll of blinking {@r4}
 e - a scroll of teleportation {unknown}
 f - a scroll of immolation
 g - a scroll of brand weapon {unknown}
 l - a scroll of fear {unknown}
Potions
 i - a potion of might {unknown}


   Skills:
 + Level 3.4 Fighting
 + Level 2.5 Axes
 + Level 2.1 Armour
 + Level 1.4 Dodging
 + Level 2.7 Invocations


You had 3 spell levels left.
You didn't know any spells.
Your spell library contained the following spells:

 Spells                   Type           Power      Damage    Failure   Level
 Sandblast                Erth           0%         2d4       73%         1
 Passwall                 Tmut/Erth      0%         N/A       86%         2
 Stone Arrow              Conj/Erth      0%         3d7       97%         3


Dungeon Overview and Level Annotations

Branches:
Dungeon (3/15)

Altars:
Qazlal
Uskayaw
Yredelemnul


Innate Abilities, Weirdness & Mutations

You are completely covered in rugged brown scales. (AC +3, +7% HP)
You have supernaturally acute eyesight. (SInv)
Armour fits poorly on your strangely shaped body.
You can roll at nearby foes to attack.
You have a long armoured tail.


Message History

l - a scroll labelled GEECSO OWKIJ No target in view!
An iguana comes into view.
You sock the iguana!
The iguana is almost dead.
The iguana bites you.
You take 1 damage, and have 36/37 hp.
An iguana is nearby!
You barely miss the iguana.
You tail-slap the iguana, but do no damage.
The iguana is almost dead.
The iguana bites you. The iguana bites you!
You take 14 damage, and have 22/37 hp.
MASSIVE DAMAGE!!
You barely miss the iguana.
The iguana is almost dead.
The iguana bites you! The iguana bites you.
* * * LOW HITPOINT WARNING * * *
You take 14 damage, and have 8/37 hp.
MASSIVE DAMAGE!!
You aren't in the Abyss!
You barely miss the iguana. You tail-slap the iguana.
The iguana is almost dead.
The iguana bites you but does no damage.
Okay, then.
Adjust (i)tems, (s)pells, or (a)bilities?
Adjust which ability?
No such ability.
Unknown command.
Adjust (i)tems, (s)pells, or (a)bilities?
Adjust which ability? b - Bend Space Adjust to which letter? a - Bend Space You barely miss the iguana.
The iguana is almost dead.
The iguana bites you.
* * * LOW HITPOINT WARNING * * *
The iguana bites you!
You die...

#.........# #.........+
#.........# #.....>...+
#.........# #.........#
#.........#
#.........###.##.#
#...<.....@l.....#
###..#+#...........
######.##..............
#....#..........(.......
##.##.###.................
#..(#.##..................#
###...#.#...................#
#.....#......_8_............#
#.##..............†....>....#


You could see an iguana.

Vanquished Creatures
  2 adders
  A worm (D:2)
  A dart slug (D:1)
  6 ball pythons
  5 endoplasms
  3 giant cockroaches (D:2)
  7 goblins
  5 hobgoblins
  A kobold (D:2)
  2 quokkas
  3 bats
  3 frilled lizards
  3 rats
42 creatures vanquished.

Vanquished Creatures (others)
  A withered plant (D:1)
1 creature vanquished.

Grand Total: 43 creatures vanquished

Notes
Turn   | Place    | Note
-------+----------+-------------------------------------------
     0 | Abyss:1  | Ofeo the Palentonga Abyssal Knight began the quest for the
                  | Orb.
     0 | Abyss:1  | Reached XP level 1. HP: 19/19 MP: 2/2
     1 | D:1      | Escaped the Abyss
   150 | D:1      | You fall into a shaft and drop 1 floor!
   170 | D:2      | Reached skill level 1 in Dodging
   228 | D:2      | Reached XP level 2. HP: 23/25 MP: 3/3
   638 | D:1      | Found a faded altar of an unknown god.
  1322 | D:2      | Reached XP level 3. HP: 26/31 MP: 4/4
  1635 | D:2      | Reached *** piety under Lugonu
  2227 | D:3      | Found a basalt altar of Yredelemnul.
  2230 | D:3      | Found a hide-covered altar of Uskayaw.
  2230 | D:3      | Found a stormy altar of Qazlal.
  2259 | D:3      | Reached XP level 4. HP: 26/37 MP: 6/6
  2422 | D:3      | Slain by an iguana

Illustrated notes

Levels and vault maps discovered:
D:1:      dpeg_arrival_rhombus, layout_basic, ebering_ecumenical_altar_petrified
D:2:      layout_loops_corners, serial_glass, glass_columns_b, glass_columns_b,
          glass_columns_a, minmay_pentomino_w2
D:3:      layout_basic, chequers_temple_overflow_statue_of_worship,
          mainiacjoe_overflow_24_doors, nicolae_qazlal_scattered_showers

Skill      XL: |  1  2  3 |
---------------+----------+-----
Dodging        | 1 |  1.4
Armour         | 2 |  2.1
Fighting       | |  3.4
Axes           | |  2.5
Invocations    | |  2.7

Action                   |  1- 3 |  4- 6 || total
-------------------------+-------+-------++-------
Melee: Hand axe          |    66 |       ||    66
       Punch             |     2 |       ||     2
       Tailslap          |     8 |     2 ||    10
       Great mace        |    21 |    12 ||    33
 Abil: Rolling Charge    |     3 |     1 ||     4
  Use: Scroll            |     4 |       ||     4
       Potion            |     2 |       ||     2
Armor: Leather armour    |    12 |       ||    12
       Scale mail        |    32 |     9 ||    41
Dodge: Dodged            |    43 |       ||    43
